 Dungeon Crawl Stone Soup version 0.32-a0-841-g4648e6c457 (webtiles) character file.

Game seed: 5728336865482698291

18454 ezpacito the Cleaver (level 12, -28/103 HPs)
             Began as a Coglin Chaos Knight on Mar 27, 2024.
             Was a Plaything of Xom.
             Annihilated by a two-headed ogre
             ... wielding a +0 giant spiked club
              (39 damage)
             ... on level 12 of the Dungeon.
             The game lasted 00:18:45 (12266 turns).

ezpacito the Cleaver (Coglin Chaos Knight)         Turns: 12266, Time: 00:18:45

Health: -28/103    AC: 26    Str: 21      XL:     12   Next: 58%
Magic:  1/18       EV: 10    Int: 12 (13) God:    Xom [.*....]
Gold:   470        SH:  0    Dex: 14      Spells: 2/19 levels left

rFire   + . .        a - +1 hand axe (chaos) {Choonhe}
rCold   . . .        h - +4 trident (protect) {Hwan}
rNeg    . . .        w - +0 chain mail
rPois   +            u - +2 hat {Int+3}
rElec   .            x - scarf {repulsion}
rCorr   .            V - +2 pair of gloves
SInv    .            N - +0 pair of boots
Will    +....        (amulet unavailable) Stlth
                     (ring unavailable)
HPRegen 0.37/turn    (ring unavailable)
MPRegen 0.16/turn    (no gizmo)

%: repel missiles, clarity
@: silenced, under a protective aura, revving
A: off-hand wielding, slow wielding, warmup strikes, no jewellery, horns 1,
iridescent scales 1, clarity, deterioration 1, fire resistance 1, strong-willed
1, sense surroundings 1, poison resistance, robust 1, strong 1, wild magic 1,
MP-powered wands
a: Invent Gizmo, Renounce Religion


You were on level 12 of the Dungeon.
You worshipped Xom.
You were a plaything of Xom.
You visited 1 branch of the dungeon, and saw 12 of its levels.
You also visited: Sewer.

You collected 593 gold pieces.
You spent 123 gold pieces at shops.

Inventory:

Hand Weapons
 a - a +1 hand axe of chaos (weapon) {Choonhe}
 h - a +4 trident of protection (offhand) {Hwan}
 j - a +0 war axe of draining
 R - a +2 scimitar of flaming
Missiles
 k - 2 curare-tipped darts
 m - 7 javelins (quivered)
 r - 36 poisoned darts
 B - 12 boomerangs
 F - 4 atropa-tipped darts
 M - a silver javelin
Armour
 d - +0 swamp dragon scales
 u - a +2 hat of intelligence (worn)
 w - a +0 chain mail (worn)
 x - a scarf of repulsion (worn)
 N - a +0 pair of boots (worn)
 V - a +2 pair of gloves (worn)
Magical Staves
 y - a staff of conjuration
 L - a staff of earth
Talismans
 v - a dragon-blood talisman
 z - a blade talisman
 C - a beast talisman
Wands
 b - a wand of polymorph (21)
 I - a wand of warping (8)
 O - a wand of flame (55)
 Q - a wand of acid (2)
Scrolls
 f - 2 scrolls of noise
 g - 2 scrolls of fear
 i - 4 scrolls of identify
 s - 5 scrolls of enchant armour
 t - a scroll of teleportation
 A - 2 scrolls of revelation
 E - a scroll of butterflies
 J - a scroll of fog
 K - 5 scrolls of enchant weapon
 P - a scroll of poison
 S - a scroll of amnesia
 W - 2 scrolls of brand weapon
Potions
 c - 2 potions of magic
 e - 2 potions of enlightenment
 p - 3 potions of mutation
 D - a potion of lignification
 U - a potion of attraction


   Skills:
 * Level 8.6 Fighting
 * Level 8.6(9.4) Axes
 + Level 5.1(7.2) Polearms
 * Level 7.6 Armour
 * Level 7.4 Dodging
 + Level 4.8 Stealth
 + Level 3.0 Unarmed Combat
 + Level 4.3 Spellcasting
 + Level 2.5 Necromancy
 + Level 5.3 Alchemy
 + Level 6.3 Evocations


You had 2 spell levels left.
You knew the following spells:

 Your Spells              Type           Power      Damage    Failure   Level
a - Irradiate             Conj/Alch      5%         3d13      100%        5
b - Mercury Vapours       Alch/Air       22%        N/A       63%         2
c - Cigotuvi's Dreadful   Necr/Alch/Air  22%        N/A       63%         2
d - Dispel Undead         Necr           11%        3d9       99%         4
e - Sting                 Conj/Alch      44%        1d5       47%         1
x - Mephitic Cloud        Conj/Alch/Air  8%         N/A       91%         3

Your spell library contained the following spells:

 Spells                   Type           Power      Damage    Failure   Level
 Foxfire                  Conj/Fire      12%        2x1d4     83%         1
 Slow                     Hex            12%        N/A       83%         1
 Call Imp                 Summ           6%         N/A       92%         2
 Ensorcelled Hibernation  Hex/Ice        6%         N/A       92%         2
 Searing Ray              Conj           6%         2d4       92%         2
 Vampiric Draining        Necr           11%        2d6       85%         3
 Olgreb's Toxic Radiance  Alch           20%        N/A       86%         4
 Confusing Touch          Hex            3%         N/A       99%         3
 Dazzling Flash           Conj/Hex       6%         N/A       99%         3
 Inner Flame              Hex/Fire       3%         N/A       99%         3
 Teleport Other           Tloc           3%         N/A       99%         3
 Sticky Flame             Fire/Alch      11%        2d5       99%         4
 Flame Wave               Conj/Fire      3%         2d5       100%        4
 Manifold Assault         Tloc           3%         N/A       100%        4
 Martyr's Knell           Necr/Summ      7%         N/A       100%        4
 Freezing Cloud           Conj/Ice/Air   1%         6-21      100%        5
 Permafrost Eruption      Ice/Erth       1%         2x4d2     100%        6
 Starburst                Conj/Fire      1%         6d3       100%        6
 Malign Gateway           Summ/Tloc      1%         N/A       100%        7
 Ozocubu's Refrigeration  Ice            1%         4d7       100%        7
 Ignition                 Fire           1%         3d3       100%        8
 Maxwell's Capacitive Co  Air            1%         ∞         100%        8


Dungeon Overview and Level Annotations

Branches:
Dungeon (12/15)            Temple (0/1) D:5            Lair (0/5) D:8
    Orc (0/2) D:10          Sewer (visited)

Altars:
Ashenzari
Kikubaaqudgha
Makhleb
Nemelex Xobeh
Wu Jian
Xom
Zin

Shops:
D:3 ?


Innate Abilities, Weirdness & Mutations

You can wield a second weapon in your off-hand.
It takes a long time for you to wield or remove held weapons.
Your first few attacks do less damage.
You cannot equip rings or amulets.
You have a pair of small horns on your head.
You are partially covered in iridescent scales. (AC +2)
You possess an exceptional clarity of mind.
Your body sometimes deteriorates upon taking damage.
Your flesh is heat resistant. (rF+)
You are strong-willed. (Will+)
You passively map a small area around you.
Your system is resistant to poisons. (rPois)
You are robust. (+10% HP)
Your muscles are strong. (Str +4, Int/Dex -1)
Your spells are a little harder to cast, but a little more powerful.
You expend magic power (3 MP) to strengthen your wands.


Message History

The kobold brigand blinks!
The kobold brigand is severely wounded.
The rupture engulfs the two-headed ogre!!
The two-headed ogre blinks!
The two-headed ogre is moderately wounded.
You now have 6/18 mp.
You hit the two-headed ogre with your +4 trident of protection.
Your weapon exudes an aura of protection.
You headbutt the two-headed ogre, but do no damage.
The two-headed ogre is moderately wounded.
You slash the two-headed ogre with your +1 hand axe of chaos!
The two-headed ogre flies into a frenzy!
You hit the kobold brigand but do no damage.
The two-headed ogre hits you with a +0 giant spiked club!!
Your body deteriorates!
You feel dopey.
The two-headed ogre hits you with a +0 giant spiked club!
* * * LOW HITPOINT WARNING * * *
The kobold brigand hits you with a +0 dagger.
* * * LOW HITPOINT WARNING * * *
You take 54 damage, and have 21/103 hp.
MASSIVE DAMAGE!!
Magic scrolls do not work when you're silenced!
Okay, then.
Aiming: Charm
Press: ? - help, Shift-Dir - straight line, f - two-headed ogre, p - kobold brigand
Aim: a two-headed ogre, wielding two +0 giant spiked clubs (silenced, heavily wounded, fast, strong, frenzied and wild, chance to affect: 53%)
You feel a surge of power!
The two-headed ogre resists with significant effort.
The two-headed ogre hits you with a +0 giant spiked club!
* * * LOW HITPOINT WARNING * * *
The two-headed ogre hits you but does no damage.
The kobold brigand closely misses you.
You take 10 damage, and have 11/103 hp.
You now have 4/18 mp.
Aiming: Charm
Press: ? - help, Shift-Dir - straight line, f/p - two-headed ogre
Aim: a two-headed ogre, wielding two +0 giant spiked clubs (silenced, heavily wounded, fast, strong, frenzied and wild, chance to affect: 53%)
You feel a slight surge of power.
The two-headed ogre is charmed.
The now-empty wand crumbles to dust.
The two-headed ogre closely misses you.
The two-headed ogre hits you with a +0 giant spiked club!!!
You die...
Xom bursts into laughter!

########...#.# , ,
#.....# * #.....# , ,
* #..)..# **,* ,
##...## * , , *,
#...# , , , , , #...#
.
##.#>#####...####)...
*
..........$.O@)W)....
*
....)..(....†.K....).
,
#.#.................>
,,
.....#####.).######.#
..### #...# #*, # *
.....# * #.....# , ,
#.....# * *


You could see a wraith, a kobold brigand and a neutral two-headed ogre (charmed,
fast, strong, frenzied).

Vanquished Creatures
  Gastronok (D:10)
  Erica (D:8)
  2 two-headed ogres
  A cyclops (D:12)
  A manticore (D:12)
  An ugly thing (D:11)
  A naga mage (D:9)
  A rust devil (Sewer)
  2 unseen horrors
  Maggie (D:7)
  4 kobold demonologists (D:12)
  3 komodo dragons
  Jeremiah (D:7)
  A queen bee (shapeshifter) (D:10)
  2 trolls
  2 hornets
  4 slime creatures
  2 wraiths (D:9)
  18 yaks
  2 vampires
  3 wyverns
  A basilisk (D:8)
  A steam dragon (D:9)
  A warg (D:7)
  An orc warrior (D:8)
  An ice beast (D:8)
  5 black bears
  2 sky beasts (D:8)
  5 centaurs
  4 ogres
  3 phantoms
  3 kobold brigands
  A gnoll sergeant (D:7)
  3 scorpions
  8 bullfrogs
  12 wights
  14 killer bees
  7 howler monkeys
  A bombardier beetle (D:5)
  A quasit (Sewer)
  3 hounds
  A jelly (D:8)
  6 orc priests
  2 sleepcaps
  2 iguanas
  8 orc wizards
  5 gnolls
  9 adders
  3 shadow imps (Sewer)
  4 white imps
  2 ufetubi
  3 dart slugs
  3 ribbon worms
  25 orcs
  4 ball pythons
  7 endoplasms
  A giant cockroach (D:4)
  4 goblins
  5 hobgoblins
  4 jackals (D:4)
  39 kobolds
  6 quokkas
  2 bats
  4 frilled lizards
  A giant cockroach zombie (Sewer)
  A kobold zombie (Sewer)
  6 rats
288 creatures vanquished.

Vanquished Creatures (collateral kills)
  A yak (D:11)
  A kobold brigand (D:7)
  A killer bee (D:10)
  A howler monkey (D:10)
  2 gnolls (D:3)
  3 kobolds
9 creatures vanquished.

Vanquished Creatures (others)
  A killer bee zombie (D:10)
  An orc zombie (D:7)
  A kobold (D:7)
3 creatures vanquished.

Grand Total: 300 creatures vanquished

Notes
Turn   | Place    | Note
-------+----------+-------------------------------------------
     0 | D:1      | ezpacito the Coglin Chaos Knight began the quest for the
                  | Orb.
     0 | D:1      | Reached XP level 1. HP: 18/18 MP: 1/1
    11 | D:1      | XOM: potion effect (berserk rage)
    48 | D:1      | Reached skill level 1 in Dodging
   107 | D:1      | Reached XP level 2. HP: 22/24 MP: 2/2
   223 | D:1      | Found a faded altar of an unknown god.
   283 | D:1      | XOM: silly message
   362 | D:1      | XOM: divination: detect creatures
   951 | D:2      | Reached XP level 3. HP: 17/29 MP: 3/3
  1183 | D:2      | XOM: cloud trail
  1223 | D:2      | XOM: confuse monster(s)
  1239 | D:2      | XOM: scenery: 1 doors open
  1403 | D:2      | XOM: give mutations
  1403 | D:2      | Gained mutation: You expend magic power (3 MP) to
                  | strengthen your wands. [Xom's grace]
  1403 | D:2      | Gained mutation: You have supernaturally acute eyesight.
                  | (SInv) [Xom's grace]
  1403 | D:2      | Gained mutation: You are strong-willed. (Will+) [Xom's
                  | grace]
  1403 | D:2      | Gained mutation: Your spells are a little harder to cast,
                  | but a little more powerful. [Xom's grace]
  1808 | D:3      | Found Dueghi's Magic Scroll Shop.
  1818 | D:3      | Reached XP level 4. HP: 27/35 MP: 4/4
  1820 | D:3      | Reached skill level 1 in Polearms
  1971 | D:3      | Reached XP level 5. HP: 40/41 MP: 5/5
  2193 | D:3      | Bought a scroll of enchant armour for 97 gold pieces
  2193 | D:3      | Bought a scroll of identify for 26 gold pieces
  2302 | D:4      | Reached skill level 1 in Stealth
  2326 | D:4      | Learned a level 5 spell: Irradiate
  2499 | D:4      | Reached XP level 6. HP: 43/48 MP: 7/7
  2527 | D:4      | XOM: give mutations
  2527 | D:4      | Gained mutation: You possess an exceptional clarity of
                  | mind. [Xom's grace]
  2527 | D:4      | Gained mutation: Your flesh is heat resistant. (rF+) [Xom's
                  | grace]
  2527 | D:4      | Gained mutation: You have hidden genetic potential. [Xom's
                  | grace]
  2527 | D:4      | Gained mutation: You are robust. (+10% HP) [Xom's grace]
  2594 | D:4      | Reached skill level 1 in Spellcasting
  2838 | D:4      | XOM: summons 2 hostile shadow creatures
  2924 | D:5      | Entered Level 5 of the Dungeon
  2952 | D:5      | Noticed a black bear
  2960 | D:5      | XOM: confuse monster(s)
  2963 | D:5      | XOM: god gift: leather armour {god gift}
  2964 | D:5      | Killed a black bear
  2965 | D:5      | Reached skill level 1 in Alchemy
  2972 | D:5      | Reached XP level 7. HP: 59/59 MP: 8/8
  2977 | D:5      | Gained mutation: Your muscles are strong. (Str +4, Int/Dex
                  | -1) [hidden potential]
  3122 | D:5      | XOM: 2-stop teleportation journey
  3248 | D:5      | XOM: 2-stop teleportation journey
  3282 | D:5      | Found a staircase to the Ecumenical Temple.
  3341 | D:5      | Found a glowing drain.
  3348 | Sewer    | Entered a sewer
  3532 | Sewer    | Found a burning altar of Makhleb.
  3638 | Sewer    | XOM: noise
  3644 | Sewer    | Noticed Grinder
  3650 | Sewer    | XOM: enchant monster (bad)
  3652 | Sewer    | Reached skill level 1 in Evocations
  3652 | Sewer    | Reached XP level 8. HP: 44/67 MP: 10/10
  3660 | Sewer    | Gained mutation: You have great hidden genetic potential.
                  | [hidden potential]
  3660 | Sewer    | Lost mutation: You have great hidden genetic potential.
                  | [hidden potential expressed]
  3662 | Sewer    | Paralysed by Grinder for 5 turns
  3674 | Sewer    | Grinder changed into Grinder the rust devil
  3674 | Sewer    | Noticed Grinder
  3674 | Sewer    | XOM: polymorph Grinder -> Grinder the rust devil
  3748 | Sewer    | XOM: summons 2 hostile shadow creatures
  3905 | Sewer    | XOM: summons 8 friendly demons
  3908 | Sewer    | Killed Grinder the rust devil
  4005 | D:5      | Learned a level 2 spell: Mercury Vapours
  4009 | D:5      | Learned a level 3 spell: Mephitic Cloud
  4151 | D:5      | Reached skill level 5 in Fighting
  4151 | D:5      | Reached skill level 5 in Axes
  4780 | D:6      | XOM: enchant monster (bad)
  4784 | D:6      | Reached XP level 9. HP: 58/74 MP: 12/12
  4795 | D:6      | Gained mutation: Your system is resistant to poisons.
                  | (rPois) [hidden potential]
  4927 | D:6      | XOM: summons 5 hostile demons
  4983 | D:6      | Got Agatrer's Tome of Created Wounds
  5009 | D:6      | XOM: smoke on damage
  5033 | D:6      | XOM: summons 4 hostile demons
  5114 | D:7      | XOM: 7-stop teleportation journey
  5275 | D:7      | XOM: silly message
  5290 | D:7      | XOM: polymorph orc -> rat
  5611 | D:7      | Noticed Maggie
  5633 | D:7      | Killed Maggie
  5634 | D:7      | Reached skill level 5 in Armour
  5634 | D:7      | Noticed Jeremiah
  5680 | D:7      | Killed Jeremiah
  5851 | D:7      | Reached skill level 5 in Dodging
  5910 | D:7      | Reached XP level 10. HP: 51/83 MP: 14/14
  5923 | D:7      | Gained mutation: You passively map a small area around you.
                  | [hidden potential]
  5923 | D:7      | Lost mutation: You have hidden genetic potential. [hidden
                  | potential expressed]
  6052 | D:7      | XOM: cast spell 'Discord'
  6944 | D:8      | XOM: smoke on damage
  7197 | D:8      | XOM: give mutations
  7197 | D:8      | Gained mutation: You have a pair of small horns on your
                  | head. [Xom's grace]
  7197 | D:8      | Gained mutation: You are partially covered in iridescent
                  | scales. (AC +2) [Xom's grace]
  7373 | D:8      | Found a burning altar of Makhleb.
  7374 | D:8      | Found a glowing silver altar of Zin.
  7375 | D:8      | Found an ornate altar of the Wu Jian Council.
  7403 | D:8      | Found a sparkling altar of Nemelex Xobeh.
  7471 | D:8      | Found a broken altar of Ashenzari.
  7475 | D:8      | Saw a vision of the Swamp and the Spider Nest.
  7475 | D:8      | Noticed an entropy weaver
  7475 | D:8      | Noticed a moth of wrath
  7475 | D:8      | Noticed a jorogumo
  7475 | D:8      | Noticed an orb spider
  7475 | D:8      | Noticed a boulder beetle
  7475 | D:8      | Noticed a spark wasp
  7475 | D:8      | Noticed a steelbarb worm
  7475 | D:8      | Noticed a spriggan druid
  7476 | D:8      | Noticed a moth of wrath
  7476 | D:8      | Noticed a torpor snail
  7476 | D:8      | Noticed a demonic crawler
  7477 | D:8      | Noticed a goliath frog
  7528 | D:8      | Found a staircase to the Lair.
  7661 | D:8      | Noticed Erica
  7672 | D:8      | Killed Erica
  7697 | D:8      | XOM: cloud trail
  7759 | D:8      | XOM: divination: detect creatures
  7784 | D:8      | XOM: scenery: create altars
  7788 | D:8      | Reached skill level 1 in Unarmed Combat
  7915 | D:8      | XOM: scenery: summon butterflies
  7948 | D:8      | XOM: god gift: thin fluorescent amulet {god gift}
  7989 | D:8      | Noticed a two-headed ogre
  7990 | D:8      | XOM: scenery: summon butterflies
  7994 | D:8      | XOM: polymorph butterfly -> hound
  8001 | D:8      | Killed a two-headed ogre
  8002 | D:8      | Reached XP level 11. HP: 92/92 MP: 9/16
  8062 | D:8      | Reached skill level 5 in Evocations
  8079 | D:8      | Learned a level 2 spell: Cigotuvi's Dreadful Rot
  8084 | D:8      | Learned a level 4 spell: Dispel Undead
  8193 | D:8      | XOM: god gift: 4 atropa-tipped darts
  8233 | D:8      | XOM: cloud trail
  8374 | D:9      | XOM: cloud trail
  8506 | D:9      | XOM: 4-stop teleportation journey
  8591 | D:9      | XOM: divination: detect items
  8623 | D:9      | XOM: snakes to sticks
  8668 | D:9      | XOM: 1-stop teleportation journey
  8886 | D:9      | XOM: summons 2 friendly demons
  9374 | D:9      | XOM: polymorph orc -> dart slug
  9475 | D:9      | Got Sif Muna's Meditations on the Tundra and the Jaunt
  9481 | D:9      | Got the Reference Book on Translocation and Spelunking
  9484 | D:9      | Got the Guidebook on Movement and Graupel
  9513 | D:10     | Entered Level 10 of the Dungeon
  9627 | D:10     | Found an ancient bone altar of Kikubaaqudgha.
  9785 | D:10     | XOM: 1-stop teleportation journey
  9811 | D:10     | Noticed Gastronok
  9844 | D:10     | Killed Gastronok
  9845 | D:10     | Reached skill level 1 in Necromancy
 10164 | D:10     | You fall into a shaft and drop 1 floor!
 10599 | D:10     | XOM: cast spell 'Leda's Liquefaction'
 10603 | D:10     | XOM: cast spell 'Cause Fear'
 10692 | D:10     | XOM: noise
 10796 | D:10     | XOM: scenery: create altars
 10856 | D:10     | XOM: 2-stop teleportation journey
 10908 | D:10     | Found a staircase to the Orcish Mines.
 10954 | D:10     | XOM: enchant monster (bad)
 11089 | D:10     | Learned a level 1 spell: Sting
 11155 | D:11     | Noticed a red ugly thing
 11161 | D:11     | Killed a red ugly thing
 11325 | D:11     | Reached XP level 12. HP: 100/101 MP: 18/18
 11328 | D:11     | Noticed a two-headed ogre
 11328 | D:11     | XOM: divination: magic mapping
 11335 | D:11     | Killed a two-headed ogre
 11438 | D:11     | XOM: cast spell 'Summon Cactus Giant'
 11441 | D:11     | Reached skill level 5 in Alchemy
 11524 | D:11     | XOM: summons 7 hostile demons
 11609 | D:11     | XOM: give mutations
 11609 | D:11     | Gained mutation: Your body sometimes deteriorates upon
                  | taking damage. [Xom's mischief]
 11609 | D:11     | Lost mutation: You have supernaturally acute eyesight.
                  | (SInv) [Xom's mischief]
 11983 | D:12     | XOM: noise
 12178 | D:12     | Reached skill level 5 in Polearms
 12256 | D:12     | XOM: silly message
 12258 | D:12     | XOM: enchant monster (bad)
 12260 | D:12     | Noticed a two-headed ogre
 12266 | D:12     | Annihilated by a two-headed ogre

Illustrated notes

Levels and vault maps discovered:
D:1:      minmay_arrival_radiant_lines, layout_basic,
          nicolae_ecumenical_lake_church
D:2:      layout_basic, grunt_decor_arrowhead, minmay_tetromino_i2
D:3:      layout_rooms, serial_shops, nicolae_shop_window_shopping,
          palyth_stone_intersect
D:4:      layout_rooms, minivault_5
D:5:      nicolae_cairo_tiling_large, layout_gridville,
          minmay_temple_entry_junction,
          mainiacjoe_sewer_entry_somewhere_in_here_2, serial_park_tiny_pond
D:6:      layout_cave_pods
D:7:      layout_loops_cross, minmay_fractal_squares_diagonal_5, uniq_maggie,
          uniq_jeremiah
D:8:      kennysheep_windowed_halls, layout_loops_ring, lemuel_crystal_altar,
          gammafunk_temple_overflow_claw, grunt_ashenzari_visionary
          [grunt_ashenzari_visionary_swamp, grunt_ashenzari_visionary_spider],
          serial_library_hellmonk_big_corner, uniq_erica
D:9:      layout_basic, minmay_librarian
D:10:     layout_stronghold, overflow_temple_1_default, orc_0_dummy,
          uniq_gastronok
D:11:     layout_cave_pools
D:12:     layout_loops_cross, uniq_nessos

Skill      XL: |  1  2  3  4  5  6  7  8  9 10 11 12 |
---------------+-------------------------------------+-----
Dodging        | 1 2 3 4 5 6 7 |  7.4
Armour         | 2 3 4 5 6 7 |  7.6
Polearms       | 1 2 3 4 5 |  5.1
Stealth        | 1 2 3 4 |  4.8
Spellcasting   | 1 2 3 4 |  4.3
Fighting       | 4 5 6 7 8 |  8.6
Axes           | 4 5 6 7 8 |  8.6
Alchemy        | 1 2 3 4 5 |  5.3
Evocations     | 1 2 3 4 5 6 |  6.3
Unarmed Combat | 1 2 3 |  3.0
Necromancy     | 1 2 |  2.5

Action                     |  1- 3 |  4- 6 |  7- 9 | 10-12 || total
---------------------------+-------+-------+-------+-------++-------
  Melee: Hand axe          |    74 |    82 |   250 |   373 ||   779
         Dagger            |    60 |       |       |       ||    60
         Short sword       |    12 |    81 |       |       ||    93
         Spear             |       |    13 |   250 |       ||   263
         Trident           |       |       |    14 |   470 ||   484
         Headbutt          |       |       |       |   107 ||   107
  Throw: Javelin           |       |       |     2 |       ||     2
  Evoke: Wand              |       |       |     4 |     9 ||    13
    Use: Scroll            |       |     7 |    19 |     7 ||    33
         Potion            |       |     1 |     8 |     8 ||    17
   Stab: Sleeping          |     1 |     2 |       |       ||     3
         Confused          |       |     2 |     1 |     6 ||     9
         Petrified         |       |       |     8 |    25 ||    33
         Petrifying        |       |       |     2 |     8 ||    10
         Distracted        |       |       |     1 |       ||     1
         Held in net/web   |       |       |       |     3 ||     3
         Paralysed         |       |       |       |     7 ||     7
 Armour: Leather armour    |    53 |    52 |       |       ||   105
         Chain mail        |       |     8 |   205 |   432 ||   645
  Dodge: Dodged            |    31 |    57 |   107 |   250 ||   445
         Repelled          |       |       |     3 |    14 ||    17

Table legend: (Time is in decaauts)
 A = Elapsed time spent in this place.
 B = Non-inter-level travel time spent in this place.
 C = Inter-level travel time spent in this place.
 D = Time resting spent in this place.
 E = Time spent auto-exploring this place.
 F = Levels seen in this place.
 G = Mean time per level.
                   A        B        C        D        E       F      G
               +--------+--------+--------+--------+--------+-----+--------+
         Total |  12288 |  11658 |    630 |    894 |   8609 |  13 |  945.2 |
       Dungeon |  11650 |  11020 |    630 |    717 |   8372 |  12 |  970.8 |
         Sewer |    638 |    638 |      0 |    177 |    236 |   1 |  638.0 |
               +--------+--------+--------+--------+--------+-----+--------+

Top non-repeatable levels by time:
     D:8: 1459 daAuts
    D:10: 1388 daAuts
     D:7: 1361 daAuts
     D:9: 1210 daAuts
    D:11: 1039 daAuts
     D:5: 973 daAuts
     D:6: 963 daAuts
     D:2: 897 daAuts
     D:1: 829 daAuts
     D:4: 712 daAuts
   Sewer: 638 daAuts
     D:3: 508 daAuts
    D:12: 304 daAuts
